 Dungeon Crawl Stone Soup version 0.27-a0-1529-g1e82c303ef (webtiles) character file.

Game seed: 11771923367067142474

96575 kirikocho the Cleaver (level 16, -1/95 HPs)
             Began as an Octopode Necromancer on July 12, 2021.
             Was a High Priest of Hepliaklqana.
             Slain by a minotaur (31 damage)
             ... on level 4 of the Lair of Beasts.
             The game lasted 00:57:09 (35281 turns).

kirikocho the Cleaver (Octopode Necromancer)       Turns: 35281, Time: 00:57:09

Health: -1/95      AC:  7    Str: 11    XL:     16   Next: 17%
Magic:  21/25      EV: 22    Int: 19    God:    Hepliaklqana [*****.]
Gold:   2935       SH:  8    Dex: 14    Spells: 2/27 levels left

rFire    + + .     SeeInvis .   G - +1 hand axe (distort)
rCold    . . .     Faith    .   e - +2 buckler
rNeg     . . .     Spirit   .   T - +2 hat
rPois    +         Reflect  .   q - amulet of regeneration
rElec    .         Harm     .   r - ring of protection from fire
rCorr    .         Rampage  .   K - ring of poison resistance
Will     ++...                  V - +4 ring of protection
Stlth    +++.......             v - +4 ring of evasion
HPRegen  1.25/turn              Z - ring of willpower
MPRegen  0.19/turn              O - ring of protection from fire
                                (no ring)
                                (no ring)

@: no status effects
A: reduced essence, almost no armour, amphibious, 8 rings, camouflage 1,
gelatinous body 1, (nimble swimmer 1), tentacles, frail 1
a: Renounce Religion, Recall Ancestor, Ancestor Identity, Transference, Idealise


You were on level 4 of the Lair of Beasts.
You worshipped Hepliaklqana.
Hepliaklqana was extremely pleased with you.
You visited 4 branches of the dungeon, and saw 24 of its levels.

You collected 3039 gold pieces.
You spent 104 gold pieces at shops.

Inventory:

Hand Weapons
 i - a +1 flail of protection
 j - a +1 antimagic flail
 G - a +1 hand axe of distortion (weapon)
 P - a +4 broad axe of freezing
 X - a +0 broad axe
Missiles
 M - 3 throwing nets (quivered) {!f}
Armour
 e - a +2 buckler (worn)
 S - a +1 kite shield
 T - a +2 hat (worn)
Magical Staves
 L - a staff of cold
Jewellery
 b - an amulet of the acrobat
 q - an amulet of regeneration (around mantle)
 r - a ring of protection from fire (left tentacle)
 v - a +4 ring of evasion (on tentacle)
 K - a ring of poison resistance (right tentacle)
 O - a ring of protection from fire (on tentacle)
 V - a +4 ring of protection (on tentacle)
 Z - a ring of willpower (on tentacle)
Wands
 a - a wand of mindburst (9)
 h - a wand of flame (33)
 D - a wand of iceblast (8) {@v2}
 F - a wand of polymorph (11)
 J - a wand of acid (6) {@v1}
Scrolls
 c - 3 scrolls of vulnerability
 d - 4 scrolls of enchant armour
 f - 3 scrolls of magic mapping {@r5}
 g - 3 scrolls of blinking {unknown}
 l - 3 scrolls of fog
 p - 4 scrolls of immolation
 u - a scroll of brand weapon
 x - 4 scrolls of enchant weapon
 B - 3 scrolls of fear
 C - a scroll of teleportation {@r3}
 I - a scroll of holy word
 Q - a scroll of silence
Potions
 k - 5 potions of heal wounds {@q2}
 m - a potion of cancellation
 o - 3 potions of mutation {unknown}
 s - 15 potions of curing {@q1}
 t - 2 potions of attraction {unknown}
 w - 2 potions of haste {@q4}
 z - a potion of magic {unknown}
 A - 4 potions of might {unknown}
 E - 5 potions of flight {unknown}
 H - 2 potions of brilliance {unknown}
 N - 2 potions of lignification
 R - 4 potions of degeneration {unknown}
 W - 8 potions of ambrosia
 Y - a potion of experience {unknown}
Miscellaneous
 n - a phantom mirror
 y - a phial of floods
 U - a condenser vane


   Skills:
 - Level 14.0 Fighting
 - Level 14.0 Axes
 - Level 11.0 Dodging
 - Level 2.6 Stealth
 * Level 9.6 Shields
 - Level 6.0 Spellcasting
 - Level 6.0 Summonings
 - Level 4.0 Necromancy
 - Level 10.0 Translocations
 - Level 5.0 Invocations
 - Level 5.0 Evocations


You had 2 spell levels left.
You knew the following spells:

 Your Spells              Type           Power      Damage    Failure   Level
a - Pain                  Necr           80%        1d8       2%          1
b - Animate Skeleton      Necr           40%        N/A       2%          1
c - Vampiric Draining     Necr           10%        2d7       6%          3
d - Frozen Ramparts       Ice            10%        1d3       32%         3
e - Blink                 Tloc           N/A        N/A       1%          2
f - Manifold Assault      Tloc           43%        N/A       4%          5
g - Lesser Beckoning      Tloc           21%        N/A       1%          3
h - Summon Forest         Summ/Tloc      18%        N/A       12%         5
i - Passwall              Tmut/Erth      4%         N/A       17%         2

Your spell library contained the following spells:

 Spells                   Type           Power      Damage    Failure   Level
 Corpse Rot               Necr/Air       N/A        N/A       8%          2
 Beastly Appendage        Tmut           10%        N/A       11%         1
 Magic Dart               Conj           20%        1d4       11%         1
 Sandblast                Erth           10%        2d5       11%         1
 Searing Ray              Conj           10%        3d3       17%         2
 Wereblood                Tmut           5%         N/A       17%         2
 Portal Projectile        Hex/Tloc       48%        N/A       4%          3
 Iskenderun's Mystic Bla  Conj/Tloc      24%        2d7       14%         4
 Animate Dead             Necr           10%        N/A       22%         4
 Dispel Undead            Necr           20%        3d11      22%         4
 Dazzling Flash           Conj/Hex       10%        N/A       32%         3
 Spider Form              Tmut/Pois      2%         N/A       32%         3
 Summon Ice Beast         Ice/Summ       17%        N/A       32%         4
 Agony                    Necr           20%        N/A       52%         5
 Excruciating Wounds      Necr           10%        N/A       52%         5
 Summon Mana Viper        Hex/Summ       17%        N/A       65%         5
 Fulminant Prism          Conj/Hex       2%         3d6       73%         4
 Ice Form                 Ice/Tmut       5%         N/A       73%         4
 Shadow Creatures         Summ           N/A        N/A       82%         6
 Blade Hands              Tmut           2%         N/A       97%         5
 Lee's Rapid Deconstruct  Erth           2%         3d6*      97%         5
 Silence                  Hex/Air        2%         N/A       97%         5
 Death Channel            Necr           10%        N/A       97%         6
 Starburst                Conj/Fire      2%         8x6d3     100%        6
 Infestation              Necr           10%        N/A       100%        8


Dungeon Overview and Level Annotations

Branches:
Dungeon (15/15)            Temple (1/1) D:4            Lair (6/6) D:10
 Shoals (0/4) Lair:4       Spider (0/4) Lair:2        Slime (0/5) Lair:5
    Orc (2/2) D:11            Elf (0/3) Orc:2        Vaults (0/5) D:14
 Depths (0/5) D:15

Altars:
Ashenzari
Cheibriados
Dithmenos
Elyvilon
Fedhas
Gozag
Hepliaklqana
Kikubaaqudgha
Makhleb
Nemelex Xobeh
Okawaru
Qazlal
Ru
Sif Muna
Trog
Uskayaw
Vehumet
Wu Jian
Xom
Yredelemnul
Zin
The Shining One
Jiyva

Shops:
D:8 [   Orc:1 [   Orc:2 (*[:

Annotations:
D:8 1 exclusion
D:9 exclusion: upstairs
Abyss:1 Duvessa


Innate Abilities, Weirdness & Mutations

Your life essence is reduced to manifest your ancestor. (-10% HP)
You cannot wear most types of armour.
You are amphibious.
You can wear up to eight rings at the same time.
Your skin changes colour to match your surroundings (Stealth+).
Your rubbery body absorbs attacks. (AC +1, EV +1)
((You are camouflaged near water. (Stealth+)))
You have tentacles for arms and can constrict up to eight enemies at once.
You are frail. (-10% HP)


Message History

You constrict the cane toad. You hit the cane toad.
Space warps horribly around the cane toad!!
You squeeze the cane toad, but do no damage.
You constrict the cane toad, but do no damage.
The cane toad completely misses you.
You hit the cane toad but do no damage.
Space warps horribly around the cane toad!
You kill the cane toad!
No target in view!
You start resting.
A minotaur is nearby!
The minotaur throws a javelin.
The javelin barely misses you.
There is an open translucent gate, spattered with blood here.
You hit the minotaur. You grab the minotaur. You constrict the minotaur.
The minotaur hits you with a +0 trident of venom!!
You block the minotaur's attack.
You hit the minotaur but do no damage.
Space warps horribly around the minotaur!
You constrict the minotaur. You block the minotaur's attack.
The minotaur completely misses you.
You hit the minotaur but do no damage.
Space bends around the minotaur.
You constrict the minotaur, but do no damage.
Cuahtemoc hits the minotaur with a +0 quarterstaff!!
You hit the minotaur but do no damage.
You constrict the minotaur, but do no damage.
The minotaur hits you with a +0 trident of venom!!
The minotaur gores you.
You are too injured to fight recklessly!
You hit the minotaur but do no damage.
Space bends around the minotaur!
You constrict the minotaur.
Cuahtemoc hits the minotaur with a +0 quarterstaff!
You hit the minotaur but do no damage.
Space bends around the minotaur.
You constrict the minotaur, but do no damage.
The minotaur hits you with a +0 trident of venom!
You block the minotaur's attack.
Cuahtemoc hits the minotaur with a +0 quarterstaff.
You hit the minotaur but do no damage. You constrict the minotaur.
The minotaur hits you with a +0 trident of venom!!
You die...

##..## ##P.....# ##..#.8.##
#...# #......## #....##.##
#...# #.......# #P........
#.#.####......#### ♣#.......♣
##...#.#.........###.........
#P..##...........#.........#
###....###'''###.#.........#
##.#..#.....).#.##........#
#.#...#.##@R#.#.##........#
##....#.#..H###..#.........
##...###.##..#.##§........
##..# #...#.#.##..<......
#####..##..:H$##..##........
##..#...#..#.#..#.###.......#
##.....#.#########..#.........
##.....#............##.....#.##
#.........##..##......#....##.#


You could see the friendly Cuahtemoc the battlemage and a minotaur (ally
target).

Vanquished Creatures
  The ghost of PejaSLU the Severer, a journeyman MiBe of Trog (Lair:4)
  Josephine (D:14)
  3 hydras
  A boulder beetle (D:11)
  6 two-headed ogres
  2 ogre magi
  A centaur warrior (D:13)
  2 orc high priests (Orc:2)
  2 death yaks (Lair:6)
  A necromancer (D:15)
  A wizard (D:15)
  An orc knight (Orc:2)
  A wolf spider zombie (D:15)
  A deep elf pyromancer (D:13)
  2 lindwurms
  A deep elf zephyrmancer (D:15)
  2 orc sorcerers (Orc:2)
  2 ugly things (D:14)
  An oklob plant (Lair:2)
  2 cyclopes
  3 elephants (Lair:5)
  2 naga magi (D:15)
  3 black mambas
  18 cane toads
  A gargoyle (D:12)
  A rime drake (Lair:4)
  4 komodo dragons
  An unseen horror (D:13)
  2 ice devils (D:11)
  2 meliai (D:14)
  6 trolls
  Grinder (D:6)
  A tyrant leech (Lair:6)
  12 blink frogs
  A slime creature (D:14)
  A centaur simulacrum (D:15)
  A wraith (D:13)
  15 yaks
  2 wyverns
  6 basilisks
  5 vampire mosquitoes
  A warg (Orc:2)
  4 water moccasins
  2 nameless horrors
  12 orc warriors
  An ice beast (D:6)
  3 boggarts (D:15)
  7 ogres
  2 centaurs
  11 wolves
  A phantom (D:5)
  14 bullfrogs
  A kobold brigand (D:8)
  A scorpion (D:3)
  Dowan (D:6)
  A gnoll sergeant (D:10)
  A wyvern skeleton (D:7)
  11 killer bees (D:11)
  2 vampire bats (D:14)
  2 electric eels (D:10)
  3 howler monkeys
  A centaur skeleton (D:7)
  2 bullfrog skeletons
  4 orc priests
  A gnoll shaman (D:5)
  7 hounds
  A jelly (D:7)
  3 iguanas
  3 orc wizards
  2 hell rats (Lair:5)
  A killer bee zombie (D:7)
  A hound zombie (D:5)
  A howler monkey zombie (D:6)
  3 adders
  20 gnolls
  A shadow imp (D:6)
  An adder skeleton (D:4)
  4 worms
  2 dart slugs
  41 orcs
  A bat skeleton (D:14)
  3 bat zombies (D:14)
  7 endoplasms
  4 giant cockroaches
  5 goblins
  11 hobgoblins
  17 jackals
  2 quokkas
  5 ball pythons
  6 bats
  5 frilled lizards
  11 kobolds
  4 rats
  A butterfly (Lair:1)
384 creatures vanquished.

Vanquished Creatures (collateral kills)
  Rupert (D:14)
  Gastronok (D:11)
  2 boulder beetles
  Erolcha (D:11)
  8 hydras
  Erica (Lair:1)
  A death knight (D:15)
  4 two-headed ogres
  An orc high priest (Orc:2)
  A skeletal warrior (D:15)
  A lindwurm (Lair:5)
  An orc knight (Orc:2)
  3 ugly things
  5 orc sorcerers
  3 manticores
  A cyclops (D:14)
  2 elephants (Lair:3)
  2 black mambas
  2 centaur zombies (D:15)
  10 cane toads
  A torpor snail (Lair:6)
  A gargoyle (D:12)
  An unseen horror (D:13)
  3 rime drakes
  3 freezing wraiths (D:15)
  2 komodo dragons (Lair:4)
  A queen bee (D:11)
  A polar bear (Lair:6)
  A meliai (D:14)
  3 trolls
  2 tyrant leeches (Lair:6)
  11 blink frogs
  A hornet (Lair:2)
  A slime creature (D:14)
  11 yaks
  A redback (Lair:2)
  A basilisk (D:15)
  A vampire (D:11)
  3 wraiths
  2 wyverns
  A steam dragon (D:8)
  4 vampire mosquitoes
  Edmund (D:5)
  4 wargs
  An acid dragon (D:12)
  6 water moccasins
  6 orc warriors
  A necrophage (D:5)
  6 wolves
  2 centaurs
  3 ogres
  2 kobold brigands
  6 bullfrogs
  A gnoll sergeant (D:9)
  A wyvern skeleton (D:7)
  11 killer bees (D:11)
  3 wights (D:6)
  3 electric eels
  4 howler monkeys
  2 hounds
  A centaur skeleton (D:7)
  A jelly (D:6)
  An orc priest (Orc:2)
  2 bullfrog skeletons
  An iguana (D:5)
  3 hell rats (Lair:5)
  3 orc wizards
  A killer bee zombie (D:9)
  2 howler monkey zombies
  An adder (D:6)
  8 gnolls
  An ufetubus (D:6)
  24 orcs
  4 jackals (D:5)
  A quokka (D:5)
  5 kobolds
  2 butterflies
231 creatures vanquished.

Vanquished Creatures (others)
  31 battlemagi
  7 ancestors
  51 fungi
  92 plants
  3 snaplasher vines
184 creatures vanquished.

Grand Total: 799 creatures vanquished

Notes
Turn   | Place    | Note
-------+----------+-------------------------------------------
     0 | D:1      | kirikocho the Octopode Necromancer began the quest for the
                  | Orb.
     0 | D:1      | Reached XP level 1. HP: 11/11 MP: 3/3
   713 | D:1      | Reached skill level 1 in Fighting
   905 | D:1      | Reached XP level 2. HP: 18/18 MP: 5/5
  1511 | D:1      | Reached XP level 3. HP: 24/24 MP: 6/6
  2206 | D:2      | Noticed an ogre
  2672 | D:2      | Reached XP level 4. HP: 11/30 MP: 7/7
  3233 | D:3      | Found a faded altar of an unknown god.
  3247 | D:3      | Found a sacrificial altar of Ru.
  3253 | D:3      | Became a worshipper of Ru the Awakened
  3395 | D:3      | Noticed a scorpion
  3404 | D:3      | Killed a scorpion
  3405 | D:3      | Reached XP level 5. HP: 22/37 MP: 8/8
  4063 | D:3      | Found a basalt altar of Yredelemnul.
  4141 | D:3      | Learned a level 1 spell: Animate Skeleton
  4145 | D:3      | Learned a level 3 spell: Vampiric Draining
  4935 | D:4      | Found a staircase to the Ecumenical Temple.
  5048 | Temple   | Entered the Ecumenical Temple
  5111 | Temple   | Fell from the grace of Ru
  5111 | Temple   | Became a worshipper of Hepliaklqana the Forgotten
  5261 | D:4      | Reached XP level 6. HP: 39/44 MP: 9/9
  5706 | D:5      | Entered Level 5 of the Dungeon
  6106 | D:4      | Reached skill level 5 in Fighting
  6748 | D:4      | Learned a level 3 spell: Frozen Ramparts
  6945 | D:5      | Reached * piety under Hepliaklqana
  6990 | D:5      | Noticed Edmund
  7058 | D:5      | Killed Edmund
  7059 | D:5      | Reached XP level 7. HP: 6/45 MP: 0/10
  8640 | D:5      | Reached skill level 5 in Dodging
  9059 | D:5      | Reached XP level 8. HP: 41/54 MP: 11/11
 11486 | D:6      | Noticed Grinder
 11709 | D:6      | Got the Reference Book on the Unholy Snowflakes
 11866 | D:6      | Reached XP level 9. HP: 52/61 MP: 12/12
 11919 | D:6      | Reached ** piety under Hepliaklqana
 11920 | D:6      | Remembered your ancestor Cuahtemoc as a battlemage
 11987 | D:6      | Noticed Dowan
 12299 | D:7      | Reached skill level 1 in Shields
 12465 | D:7      | You fall into a shaft and drop 3 floors!
 12465 | D:10     | Entered Level 10 of the Dungeon
 12850 | D:8      | Found Kodd's Armour Shoppe.
 12856 | D:8      | Noticed a seven-headed hydra
 13162 | D:9      | Reached *** piety under Hepliaklqana
 13250 | D:9      | Reached skill level 1 in Axes
 14556 | D:7      | Reached skill level 5 in Axes
 14968 | D:7      | Reached **** piety under Hepliaklqana
 15261 | D:6      | Killed Grinder
 15262 | D:6      | Reached XP level 10. HP: 43/66 MP: 13/13
 15449 | D:6      | Noticed Duvessa
 15454 | D:6      | Banished Duvessa
 15502 | D:6      | Found a bloodstained altar of Trog.
 15523 | D:6      | Killed Dowan
 15527 | D:6      | Found a shimmering blue altar of Sif Muna.
 15680 | D:6      | Got Sif Muna's Papyrus of Displacement
 16122 | D:9      | Reached skill level 1 in Evocations
 16755 | D:10     | Noticed a two-headed ogre
 16766 | D:10     | Killed a two-headed ogre
 16781 | D:10     | Found a staircase to the Lair.
 16786 | D:10     | Reached skill level 5 in Evocations
 17728 | D:10     | Learned a level 2 spell: Blink
 17850 | D:11     | Noticed Erolcha
 17877 | D:11     | Noticed Gastronok
 17893 | D:11     | Killed Gastronok
 17894 | D:11     | Reached XP level 11. HP: 72/72 MP: 13/15
 17928 | D:11     | Found a staircase to the Orcish Mines.
 18053 | D:11     | Noticed a two-headed ogre
 18075 | D:11     | Killed a two-headed ogre
 18490 | D:11     | Reached skill level 10 in Axes
 19553 | D:11     | Noticed a boulder beetle
 19748 | D:11     | Learned a level 5 spell: Manifold Assault
 19752 | D:11     | Learned a level 3 spell: Lesser Beckoning
 19806 | D:12     | Noticed a two-headed ogre
 19810 | D:12     | Killed a two-headed ogre
 20113 | D:12     | Noticed a boulder beetle
 20346 | D:12     | Noticed a five-headed hydra
 20348 | D:12     | Noticed a five-headed hydra
 21160 | D:12     | Noticed a two-headed ogre
 21166 | D:12     | Banished a two-headed ogre
 21167 | D:12     | Reached skill level 5 in Translocations
 21167 | D:12     | Reached skill level 5 in Invocations
 21167 | D:12     | Reached XP level 12. HP: 57/76 MP: 18/18
 21232 | Lair:1   | Entered Level 1 of the Lair of Beasts
 21287 | Lair:1   | Noticed a seven-headed hydra
 21303 | Lair:1   | Noticed Erica
 21314 | Lair:1   | Killed Erica
 22137 | Lair:2   | Found a hole to the Spider Nest.
 22234 | Lair:2   | Reached ***** piety under Hepliaklqana
 23124 | Lair:3   | Noticed a five-headed hydra
 23556 | Lair:3   | Reached XP level 13. HP: 78/81 MP: 20/20
 24083 | Lair:3   | Reached skill level 5 in Spellcasting
 24315 | Lair:4   | Noticed a minotaur
 24315 | Lair:4   | Noticed PejaSLU's ghost (journeyman MiBe)
 24506 | Lair:4   | Reached skill level 10 in Fighting
 24970 | Lair:4   | Found a staircase to the Shoals.
 25208 | Lair:4   | Found a runed translucent gate.
 25208 | Lair:4   | Found a runed translucent gate.
 25208 | Lair:4   | Found a runed translucent gate.
 25402 | Lair:4   | Learned a level 5 spell: Summon Forest
 25516 | Lair:5   | Found a staircase to the Slime Pits.
 25516 | Lair:5   | Found a viscous altar of Jiyva.
 25670 | Lair:5   | Reached skill level 1 in Summonings
 25877 | Lair:5   | Reached skill level 10 in Dodging
 26679 | Lair:6   | Entered Level 6 of the Lair of Beasts
 26963 | Lair:6   | Reached XP level 14. HP: 89/89 MP: 23/23
 27175 | Lair:6   | Reached skill level 5 in Summonings
 28577 | D:8      | Found a sparkling altar of Nemelex Xobeh.
 28584 | D:8      | Found a glowing silver altar of Zin.
 28586 | D:8      | Found a broken altar of Ashenzari.
 28587 | D:8      | Found a blossoming altar of Fedhas.
 28600 | D:8      | Found a burning altar of Makhleb.
 28600 | D:8      | Found a radiant altar of Vehumet.
 28601 | D:8      | Found a stormy altar of Qazlal.
 28715 | D:8      | Found a snail-covered altar of Cheibriados.
 29017 | D:11     | Killed Erolcha
 30811 | D:13     | Found a glowing golden altar of the Shining One.
 30890 | D:13     | Reached XP level 15. HP: 98/98 MP: 24/24
 31112 | D:14     | Noticed Josephine
 31141 | D:14     | Killed Josephine
 31142 | D:14     | Reached skill level 10 in Translocations
 31411 | D:14     | Found a gate to the Vaults.
 31612 | D:14     | Found an ancient bone altar of Kikubaaqudgha.
 31730 | D:14     | Noticed Rupert
 31736 | D:14     | Killed Rupert
 32120 | D:15     | Entered Level 15 of the Dungeon
 32267 | D:15     | Reached skill level 5 in Shields
 32291 | D:15     | Found a staircase to the Depths.
 32514 | D:15     | Identified a scroll of acquirement
 32515 | D:15     | Acquired 947 gold pieces
 33349 | Orc:1    | Entered Level 1 of the Orcish Mines
 33349 | Orc:1    | Found an iron altar of Okawaru.
 33634 | Orc:1    | Found Viedokh's Antique Armour Emporium.
 34036 | Orc:2    | Entered Level 2 of the Orcish Mines
 34100 | Orc:2    | Found Bunontec's General Store.
 34134 | Orc:2    | Bought a scroll of magic mapping for 52 gold pieces
 34134 | Orc:2    | Bought a scroll of fear for 52 gold pieces
 34182 | Orc:2    | Found Ynureer's Antique Weapon Shop.
 34248 | Orc:2    | Found a staircase to the Elven Halls.
 34252 | Orc:2    | Reached ****** piety under Hepliaklqana
 34355 | Orc:2    | Found Vestraapp's Antique Armour Shoppe.
 34367 | Orc:2    | Gained mutation: You are frail. (-10% HP) [a neqoxec]
 34422 | Orc:2    | Noticed an orc warlord
 34435 | Orc:2    | Banished an orc warlord
 34436 | Orc:2    | Reached XP level 16. HP: 94/94 MP: 19/25
 34452 | Orc:2    | Found Foqeel's Book Boutique.
 34790 | Orc:2    | Learned a level 2 spell: Passwall
 35099 | Lair:4   | Killed PejaSLU's ghost
 35281 | Lair:4   | Slain by a minotaur

Illustrated notes

Levels and vault maps discovered:
D:1:      dpeg_arrival_more_subterranean_lakeside_camping, layout_loops_cross
D:2:      layout_rooms
D:3:      layout_basic, nicolae_ru_awakened_eye,
          mainiacjoe_overflow_surrounded_room,
          hellmonk_ecumenical_altar_heavens_door, minmay_between
D:4:      layout_cave_pods, minmay_temple_entry_waves
D:5:      lemuel_castle_with_subvaults [lemuel_castle_interior_carwin_1],
          layout_basic, serial_bayou_crossing, uniq_edmund
D:6:      layout_basic, nzn_overflow_gifts_of_might_and_magic, uniq_grinder
D:7:      layout_basic
D:8:      layout_rooms, old_standard_altar, grunt_temple_overflow_open,
          serial_shops, shop, lemuel_flamethrower_1
D:9:      layout_stronghold
D:10:     layout_basic, erik_lair_island, moated_statue
D:11:     layout_roguey [special_room_bee], david_orc_3,
          serial_co_window_serial, co_window_cross_1,
          co_window_of_opportunity_a, co_window_corner_a, co_window_corner_a,
          co_window_of_opportunity_a, co_window_2corner,
          co_window_of_opportunity_b, co_window_broadway_a, co_window_paths_d,
          glass_columns_a, glass_columns_a, glass_columns_a, glass_columns_b,
          glass_columns_a, portal_ice_cave_demonic_guard, uniq_gastronok,
          uniq_erolcha
D:12:     layout_basic, minmay_fractal_squares_5
D:13:     layout_irregular_city, nicolae_tso_swordbearing_angel
D:14:     layout_basic, david_vaults_2, kennysheep_vampire_church,
          uniq_josephine, uniq_rupert
D:15:     grunt_enter_depths_magical_seal, layout_loops_cross
Temple:   eino_wide_crystal_templ
Lair:1:   layout_concentric_octagons, lemuel_fruit_fields, uniq_erica
Lair:2:   layout_cave_pods, spider_nest_entry_rubble, grunt_megastairs_3,
          minmay_lair_oklob_chamber, serial_bayou_shore_b, lemuel_fruit_fields,
          infiniplex_staircase_pool
Lair:3:   layout_loops_ring
Lair:4:   layout_cave_pods, elwin_shoals_entry_rocks,
          maelrawn_ghost_gauntlet_escape, grunt_megastairs_1
Lair:5:   layout_cave_pods, slime_altar_1, grunt_megastairs_5
Lair:6:   minmay_lair_end_frog_pond, layout_hall_layers, fungi_pond_lemuel,
          chequers_serial_rivers_micro_a
Orc:1:    cheibrodos_orc_bank, layout_caves, serial_shops, nicolae_square_shop,
          okawaru_metal_pillars_1_2
Orc:2:    grunt_orc_gardens, layout_diamond_mine, grunt_orc_garden,
          grunt_orc_garden, grunt_orc_garden, grunt_orc_garden, special_room

Skill      XL: |  1  2  3  4  5  6  7  8  9 10 11 12 13 14 15 16 |
---------------+-------------------------------------------------+-----
Fighting       | 1 2 3 4 5 7 9 10 12 13 14 | 14.0
Dodging        | 3 4 5 6 7 8 10 11 | 11.0
Shields        | 4 8 9 |  9.6
Axes           | 6 9 11 12 13 14 | 14.0
Evocations     | 5 |  5.0
Spellcasting   | 3 4 6 |  6.0
Translocations | 3 5 8 9 10 | 10.0
Invocations    | 2 5 |  5.0
Summonings     | 3 6 |  6.0
Stealth        | |  2.6
Necromancy     | |  4.0

Action                   |  1- 3 |  4- 6 |  7- 9 | 10-12 | 13-15 | 16-18 || total
-------------------------+-------+-------+-------+-------+-------+-------++-------
Melee: Unarmed           |     7 |       |       |       |       |       ||     7
       Constrict         |    28 |    34 |    72 |    58 |   130 |    11 ||   333
       Short sword       |     6 |       |       |       |       |       ||     6
       Tentacles         |    22 |    26 |    46 |    54 |   166 |    11 ||   325
       Whip              |     3 |       |       |       |       |       ||     3
       Dagger            |    99 |   154 |    82 |       |       |       ||   335
       Spear             |       |       |   216 |       |       |       ||   216
       Hand axe          |       |       |    39 |   359 |   829 |    71 ||  1298
Throw: Dart              |     5 |    13 |    18 |     6 |       |       ||    42
       Stone             |       |       |     2 |       |       |       ||     2
 Cast: Manifold Assault  |       |       |       |     3 |    31 |     2 ||    36
       Animate Skeleton  |       |       |       |       |    25 |     1 ||    26
       Summon Forest     |       |       |       |       |    21 |     2 ||    23
Invok: Recall Ancestor   |       |       |     2 |       |    10 |       ||    12
       Ancestor Life: Ba |       |       |     1 |       |       |       ||     1
       Idealise          |       |       |       |     3 |     9 |     3 ||    15
Evoke: Wand              |       |       |       |     5 |    20 |       ||    25
       Phantom mirror    |       |       |       |       |     1 |       ||     1
  Use: Scroll            |       |       |     4 |     5 |    10 |     1 ||    20
 Stab: Sleeping          |     5 |    10 |     8 |    10 |     8 |       ||    41
       Distracted        |       |     1 |     4 |     3 |    11 |       ||    19
Armor: Skin              |     9 |     9 |     6 |    36 |    74 |     4 ||   138
Dodge: Dodged            |    70 |    94 |   198 |   224 |   421 |    27 ||  1034
Block: Buckler           |       |       |       |    52 |   152 |    16 ||   220

Table legend: (Time is in decaauts)
 A = Elapsed time spent in this place.
 B = Non-inter-level travel time spent in this place.
 C = Inter-level travel time spent in this place.
 D = Time resting spent in this place.
 E = Time spent auto-exploring this place.
 F = Levels seen in this place.
 G = Mean time per level.
                   A        B        C        D        E       F      G
               +--------+--------+--------+--------+--------+-----+--------+
         Total |  35003 |  32793 |   2210 |   9590 |  17198 |  24 | 1458.5 |
       Dungeon |  25989 |  24271 |   1718 |   8191 |  11839 |  15 | 1732.6 |
        Temple |     73 |     52 |     21 |      0 |     50 |   1 |   73.0 |
          Lair |   7520 |   7111 |    409 |   1297 |   4385 |   6 | 1253.3 |
  Orcish Mines |   1419 |   1357 |     62 |    101 |    924 |   2 |  709.5 |
               +--------+--------+--------+--------+--------+-----+--------+

Top non-repeatable levels by time:
     D:5: 3732 daAuts
    D:12: 2626 daAuts
     D:4: 2524 daAuts
     D:9: 2434 daAuts
    D:11: 2185 daAuts
     D:2: 2050 daAuts
     D:1: 1736 daAuts
    D:10: 1699 daAuts
  Lair:4: 1554 daAuts
     D:6: 1407 daAuts
  Lair:6: 1376 daAuts
  Lair:5: 1374 daAuts
  Lair:3: 1290 daAuts
    D:15: 1137 daAuts
  Lair:2: 1129 daAuts
